 Dungeon Sprint DCSS version 0.29.1-12-g30fa7ad0bf (webtiles) character file.

Game seed: 10604610561353567339

3324 boopmooplesden the Fencer (level 9, -15/101 HPs)
             Began as a Minotaur Berserker on Dec 16, 2022.
             Was a High Priest of Trog.
             Hit by a large rock thrown by a cyclops (24 damage)
             ... in the Dungeon (Sprint IX: "|||||||||||||||||||||||||||||").
             The game lasted 00:01:10 (627 turns).

boopmooplesden the Fencer (Minotaur Berserker)       Turns: 627, Time: 00:01:11

Health: -15/101    AC: 18    Str: 23    XL:     9   Next: 71%
Magic:  8/8        EV: 12    Int:  7    God:    Trog [*****.]
Gold:   0          SH:  0    Dex: 13    Spells: 8/8 levels left

rFire   . . .      SeeInvis .   k - +2 scimitar (flame)
rCold   . . .      Faith    .   (no shield)
rNeg    . . .      Spirit   .   n - +1 chain mail
rPois   .          Reflect  .   (helmet restricted)
rElec   .          Harm     .   (no cloak)
rCorr   .          Rampage  .   l - +0 pair of gloves
Will    ++...      NoTele   +   m - +0 pair of boots
Stlth   ..........              (no amulet)
HPRegen 1.26/turn               p - +2 ring of protection
MPRegen 0.11/turn               o - +3 ring of intelligence

@: strong-willed, on berserk cooldown, regenerating, slowed, very slow
A: horns 2, retaliatory headbutt
a: Renounce Religion, Berserk, Trog's Hand, Brothers in Arms


You were in the Dungeon.
You worshipped Trog.
Trog was extremely pleased with you.
You visited 1 branch

Inventory:

Hand Weapons
 a - a +0 falchion
 k - a +2 scimitar of flaming (weapon)
Armour
 b - a +0 animal skin
 l - a +0 pair of gloves (worn)
 m - a +0 pair of boots (worn)
 n - a +1 chain mail (worn)
Jewellery
 o - a +3 ring of intelligence (right hand)
 p - a +2 ring of protection (left hand)
Wands
 j - a wand of iceblast (10)
Scrolls
 h - a scroll of blinking
Potions
 c - 5 potions of curing
 d - a potion of invisibility
 e - a potion of haste
 f - 4 potions of magic
 g - a potion of berserk rage
 i - 2 potions of heal wounds


   Skills:
 + Level 16.3 Fighting
 + Level 16.3 Long Blades
 + Level 11.0 Armour
 + Level 8.9 Dodging
 + Level 2.0 Stealth


You had 8 spell levels left.
You didn't know any spells.
Your spell library was empty.

Dungeon Overview and Level Annotations

Branches:
Dungeon (1/1)

Altars:
Cheibriados
Dithmenos
Elyvilon
Fedhas
Gozag
Hepliaklqana
Kikubaaqudgha
Makhleb
Nemelex Xobeh
Okawaru
Qazlal
Ru
Sif Muna
Trog
Uskayaw
Vehumet
Wu Jian
Xom
Yredelemnul
Zin
The Shining One
Jiyva
Lugonu


Innate Abilities, Weirdness & Mutations

You have a pair of horns on your head.
You reflexively headbutt those who attack you in melee.


Message History

Trog accepts your kill.
Your Armour skill increases to level 10!
The barbed spikes dig painfully into your body as you move.
The two-headed ogre hits you with a +0 giant club!
The two-headed ogre hits you but does no damage.
You see here a manticore corpse.
You slash the two-headed ogre! You burn the two-headed ogre.
Your headbutt misses the two-headed ogre.
The two-headed ogre is lightly wounded.
You slice the two-headed ogre!! You burn the two-headed ogre.
The two-headed ogre is severely wounded.
You slash the two-headed ogre! You burn the two-headed ogre!
Your headbutt misses the two-headed ogre.
The two-headed ogre is almost dead.
The two-headed ogre hits you with a +0 giant club.
* * * LOW HITPOINT WARNING * * *
The two-headed ogre hits you with a +0 giant club!!
* * * LOW HITPOINT WARNING * * *
You hit the two-headed ogre. You burn the two-headed ogre.
You kill the two-headed ogre!
Trog accepts your kill.
Your Fighting skill increases to level 16!
Your Long Blades skill increases to level 16!
Your Armour skill increases to level 11!
Your Stealth skill increases to level 2!
The barbed spikes dig painfully into your body as you move.
* * * LOW HITPOINT WARNING * * *
You are no longer berserk.
You are exhausted.
You feel yourself slow down. The cyclops hits you!
* * * LOW HITPOINT WARNING * * *
Things that are here:
a +0 giant club; a +0 giant club; a two-headed ogre corpse Blink to where?
Press: ? - help, Dir - move target
As you read the scroll of blinking, it crumbles to dust.
Your ogre goes berserk!
You carefully extract the barbed spikes from your body.
The cyclops throws a large rock.
The large rock hits you!!
You die...

▓.▓
▓C▓
▓†▓
▓)▓
▓)▓
▓'▓
▓.▓
▓.▓
▓@▓
▓)▓
▓O▓
▓)▓
▓†▓
▓.▓
▓.▓
▓.▓
▓.▓


You could see a cyclops (ally target) and a friendly ogre (summoned, berserk).

Vanquished Creatures
  A centaur warrior (D)
  A two-headed ogre (D)
  An ugly thing (D)
  A manticore (D)
  A gargoyle (D)
  A kobold demonologist (D)
  A hornet (D)
  A yak (D)
  A wyvern (D)
  An ice beast (D)
  An ogre (D)
  A phantom (D)
  A kobold brigand (D)
  An iguana (D)
  An orc wizard (D)
  An adder (D)
  An endoplasm (D)
  A giant cockroach (D)
  3 hobgoblins (D)
21 creatures vanquished.

Notes
Turn   | Place    | Note
-------+----------+-------------------------------------------
     0 | D        | boopmooplesden the Minotaur Berserker began the quest for
                  | the Orb.
     0 | D        | Reached XP level 1. HP: 19/19 MP: 0/0
     9 | D        | Reached ** piety under Trog
    19 | D        | Noticed an iguana
    19 | D        | Noticed an ogre
    19 | D        | Noticed a phantom
    19 | D        | Noticed an ice beast
    25 | D        | Killed an ice beast
    26 | D        | Reached XP level 2. HP: 15/35 MP: 1/1
    26 | D        | Reached XP level 3. HP: 17/40 MP: 2/2
    26 | D        | Reached XP level 4. HP: 21/48 MP: 3/3
    27 | D        | Reached *** piety under Trog
    33 | D        | Killed a phantom
    34 | D        | Reached XP level 5. HP: 9/57 MP: 4/4
    36 | D        | Killed an ogre
    37 | D        | Reached skill level 10 in Fighting
    37 | D        | Reached skill level 10 in Long Blades
    37 | D        | Reached skill level 5 in Armour
    37 | D        | Reached skill level 5 in Dodging
    44 | D        | Reached XP level 6. HP: 19/66 MP: 5/5
   262 | D        | Found a snail-covered altar of Cheibriados.
   262 | D        | Found a shadowy altar of Dithmenos.
   262 | D        | Found a white marble altar of Elyvilon.
   262 | D        | Found a blossoming altar of Fedhas.
   262 | D        | Found an opulent altar of Gozag.
   263 | D        | Found a hazy altar of Hepliaklqana.
   264 | D        | Found a viscous altar of Jiyva.
   265 | D        | Found an ancient bone altar of Kikubaaqudgha.
   266 | D        | Found a corrupted altar of Lugonu.
   267 | D        | Found a burning altar of Makhleb.
   268 | D        | Found a sparkling altar of Nemelex Xobeh.
   269 | D        | Found an iron altar of Okawaru.
   270 | D        | Found a stormy altar of Qazlal.
   271 | D        | Found a sacrificial altar of Ru.
   272 | D        | Found a shimmering blue altar of Sif Muna.
   273 | D        | Found a bloodstained altar of Trog.
   274 | D        | Found a hide-covered altar of Uskayaw.
   275 | D        | Found a radiant altar of Vehumet.
   276 | D        | Found an ornate altar of the Wu Jian Council.
   277 | D        | Found a shimmering altar of Xom.
   278 | D        | Found a basalt altar of Yredelemnul.
   279 | D        | Found a glowing silver altar of Zin.
   280 | D        | Found a glowing golden altar of the Shining One.
   434 | D        | Noticed a wyvern
   434 | D        | Noticed a yak
   434 | D        | Noticed a kobold demonologist
   434 | D        | Noticed a hornet
   434 | D        | Paralysed by a hornet for 3 turns
   439 | D        | Killed a hornet
   442 | D        | Reached **** piety under Trog
   443 | D        | Reached XP level 7. HP: 71/75 MP: 6/6
   448 | D        | Killed a kobold demonologist
   450 | D        | Killed a yak
   451 | D        | Reached skill level 1 in Stealth
   451 | D        | Killed a wyvern
   452 | D        | Reached XP level 8. HP: 74/86 MP: 7/7
   453 | D        | Reached ***** piety under Trog
   599 | D        | Noticed a cyclops
   599 | D        | Noticed a two-headed ogre
   599 | D        | Noticed a manticore
   599 | D        | Noticed a centaur warrior
   599 | D        | Noticed a purple ugly thing
   599 | D        | Noticed a gargoyle
   604 | D        | Killed a purple ugly thing
   605 | D        | Killed a gargoyle
   610 | D        | Killed a centaur warrior
   610 | D        | Received a gift from Trog
   611 | D        | Reached skill level 15 in Fighting
   611 | D        | Reached skill level 15 in Long Blades
   611 | D        | Reached XP level 9. HP: 97/97 MP: 8/8
   619 | D        | Killed a manticore
   620 | D        | Reached skill level 10 in Armour
   624 | D        | Killed a two-headed ogre
   625 | D        | HP: 5/101 [cyclops (8)]
   627 | D        | Hit by a large rock thrown by a cyclops

Illustrated notes

Levels and vault maps discovered:
D:        linesprint [early_d, line_temple, items_1, d_10, items_2, lair_1,
          lair_end, items_3, orc_1, orc_end, items_4, d_15, swamp_1, shoals_1,
          snake_1, spider_1, d_20, vaults_1, items_5, swamp_end, shoals_end,
          snake_end, spider_end, vaults_end, d_27, items_6, zot_1, zot_end,
          crypt_end, forest_end, elf_end, slime_end, tomb_end, abyss_end,
          pan_hell_end]

Skill      XL: |  1  2  3  4  5  6  7  8  9 |
---------------+----------------------------+-----
Fighting       | 7 9 10 11 13 15 16 | 16.3
Long Blades    | 7 9 10 11 13 15 16 | 16.3
Armour         | 3 4 5 6 7 9 11 | 11.0
Dodging        | 3 4 5 6 7 8 |  8.9
Stealth        | 1 2 |  2.0

Action                   |  1- 3 |  4- 6 |  7- 9 || total
-------------------------+-------+-------+-------++-------
Melee: Falchion          |    14 |    16 |       ||    30
       Headbutt          |       |     2 |     6 ||     8
       Scimitar          |       |     4 |    29 ||    33
Invok: Berserk           |     1 |     1 |     1 ||     3
       Trog's Hand       |       |     1 |     1 ||     2
       Brothers in Arms  |       |       |     1 ||     1
  Use: Potion            |       |     1 |       ||     1
       Scroll            |       |       |     1 ||     1
Armor: Animal skin       |     1 |       |       ||     1
       Chain mail        |       |     1 |     7 ||     8
Dodge: Dodged            |     5 |     9 |     7 ||    21
